 Dungeon Crawl Stone Soup version 0.26.1-11-gd32895ea62 (webtiles) character file.

Game seed: 11052381747983556596

749 Descartes the Conjurer (level 7, 0/36 HPs)
             Began as a Deep Elf Hedge Wizard on May 30, 2021.
             Shot with an arrow by a centaur (4 damage)
             ... on level 5 of the Dungeon.
             The game lasted 00:11:10 (5588 turns).

Descartes the Conjurer (Deep Elf Hedge Wizard)      Turns: 5588, Time: 00:11:11

Health: 0/36       AC:  6    Str:  7    XL:     7   Next: 48%
Magic:  11/16      EV: 12    Int: 27    God:
Gold:   239        SH:  0    Dex: 14    Spells: 10/16 levels left

rFire    . . .     SeeInvis .   v - +1 scimitar
rCold    . . .     Faith    .   (no shield)
rNeg     . . .     Spirit   .   t - +3 leather armour
rPois    .         Reflect  .   c - +0 hat
rElec    .         Harm     .   (no cloak)
rCorr    .         Rampage  .   (no gloves)
Will     .....                  (no boots)
Stlth    ++........             (no amulet)
HPRegen  0.12/turn              k - +6 ring of intelligence
MPRegen  0.15/turn              (no ring)

@: no status effects
A: no striking features
a: no special abilities


You were on level 5 of the Dungeon.
You visited 1 branch of the dungeon, and saw 7 of its levels.

You collected 239 gold pieces.

Inventory:

Hand Weapons
 a - a +0 dagger
 v - a +1 scimitar (weapon)
 A - a +0 club of chaos
Missiles
 f - 138 stones
 g - 16 poisoned darts
 i - 44 arrows
 n - 6 boomerangs
Armour
 c - a +0 hat (worn)
 t - a +3 leather armour (worn)
Jewellery
 k - a +6 ring of intelligence (left hand)
 z - a cursed amulet of inaccuracy {unknown}
Wands
 b - a wand of flame (10)
 q - a wand of random effects (7)
 x - a wand of acid (9)
Scrolls
 e - 5 scrolls of enchant weapon
 h - 5 scrolls of remove curse
 r - a scroll of fear {unknown}
 s - 2 scrolls of immolation
 u - 2 scrolls of teleportation
 w - 3 scrolls of identify
 y - a scroll of amnesia {unknown}
Potions
 d - a potion of mutation {unknown}
 j - 2 potions of might
 l - 2 potions of cancellation
 m - a potion of curing {unknown}
 o - 2 potions of flight
 p - a potion of berserk rage {unknown}
 B - a potion of attraction {unknown}


   Skills:
 - Level 2.4 Dodging
 - Level 2.4 Stealth
 - Level 5.0 Spellcasting
 * Level 7.9 Conjurations
 - Level 1.1 Summonings
 + Level 4.1 Translocations


You had 10 spell levels left.
You knew the following spells:

 Your Spells              Type           Power        Failure   Level
a - Magic Dart            Conj           100%         1%          1
b - Blink                 Tloc           N/A          3%          2
c - Mephitic Cloud        Conj/Pois/Air  21%          11%         3

Your spell library contained the following spells:

 Spells                   Type           Power        Failure   Level
 Conjure Flame            Conj/Fire      28%          6%          3
 Call Imp                 Summ           12%          11%         2
 Slow                     Hex            6%           16%         2


Dungeon Overview and Level Annotations

Branches:
Dungeon (7/15)
 Temple: D:4-7

Altars:
Ashenzari
Hepliaklqana
Okawaru
Qazlal
Uskayaw
Vehumet
Xom

Annotations:
D:6 Sigmund


Message History

Casting: Magic Dart (safe; 1% risk of failure)
Confirm with . or Enter, or press ? or * to list all spells.
Aiming: Magic Dart (safe; 1% risk of failure)
Press: ? - help, Shift-Dir - straight line, f/p - centaur
Aim: a centaur, wielding a +0 shortbow and quivering 13 arrows (severely wounded, 0% to evade)
The magic dart hits the centaur but does no damage.
The centaur is severely wounded.
The centaur shoots an arrow.
The arrow hits you!
Casting: Magic Dart (safe; 1% risk of failure)
Confirm with . or Enter, or press ? or * to list all spells.
Aiming: Magic Dart (safe; 1% risk of failure)
Press: ? - help, Shift-Dir - straight line, f/p - centaur
Aim: a centaur, wielding a +0 shortbow and quivering 12 arrows (severely wounded, 0% to evade)
The magic dart hits the centaur.
The centaur is severely wounded.
The centaur shoots an arrow.
The arrow hits you!
* * * LOW HITPOINT WARNING * * *
It was a potion of cancellation.
You feel magically purged.
The centaur shoots an arrow.
The arrow hits you.
You die...

............>..
................ ...
............c...........
........................
........................
......(.................
........................
.......@................
......(.................
........................
........................
........................
........................
........................
........................
............<..........


You could see a centaur.

Vanquished Creatures
  2 ogres (D:4)
  A bullfrog (D:7)
  2 killer bees (D:7)
  2 bullfrog zombies
  4 hounds
  A worker ant (D:4)
  Ijyb (D:3)
  A hound skeleton (D:4)
  2 gnolls (D:4)
  4 adders
  A shadow imp (D:6)
  A white imp (D:7)
  An ufetubus (D:7)
  2 oozes (D:2)
  2 worms (D:2)
  2 dart slugs
  2 leopard geckos
  5 orcs
  3 giant cockroaches
  10 hobgoblins
  4 jackals (D:3)
  7 kobolds
  4 quokkas
  13 bats
  4 frilled lizards
  8 goblins
  A quokka skeleton (D:4)
  15 rats
105 creatures vanquished.

Notes
Turn   | Place    | Note
-------+----------+-------------------------------------------
     0 | D:1      | Descartes the Deep Elf Hedge Wizard began the quest for the
                  | Orb.
     0 | D:1      | Reached XP level 1. HP: 10/10 MP: 7/7
   338 | D:1      | Reached skill level 2 in Conjurations
   338 | D:1      | Reached XP level 2. HP: 15/15 MP: 3/9
  1288 | D:2      | Reached XP level 3. HP: 19/19 MP: 9/11
  1304 | D:2      | Found a hide-covered altar of Uskayaw.
  1341 | D:2      | Reached skill level 5 in Spellcasting
  1362 | D:2      | Reached skill level 3 in Conjurations
  1608 | D:2      | Found a stormy altar of Qazlal.
  2033 | D:2      | Reached XP level 4. HP: 15/24 MP: 4/13
  2280 | D:2      | Reached skill level 4 in Conjurations
  2440 | D:3      | Found a faded altar of an unknown god.
  3166 | D:3      | Learned a level 2 spell: Blink
  3170 | D:3      | Learned a level 3 spell: Mephitic Cloud
  3324 | D:3      | Noticed Ijyb
  3333 | D:3      | Killed Ijyb
  3334 | D:3      | Reached skill level 5 in Conjurations
  3334 | D:3      | Reached XP level 5. HP: 28/28 MP: 5/14
  3708 | D:4      | Noticed an ogre
  3717 | D:4      | Killed an ogre
  3946 | D:4      | Reached skill level 6 in Conjurations
  3946 | D:4      | Reached XP level 6. HP: 32/32 MP: 8/15
  4118 | D:4      | You fall into a shaft and drop 3 floors!
  4210 | D:7      | Noticed an orc warrior
  4283 | D:7      | Found a broken altar of Ashenzari.
  4442 | D:7      | Reached skill level 7 in Conjurations
  4445 | D:7      | Reached XP level 7. HP: 22/36 MP: 8/16
  4685 | D:7      | Found a hazy altar of Hepliaklqana.
  4749 | D:6      | Noticed Sigmund
  4772 | D:5      | Entered Level 5 of the Dungeon
  5112 | D:4      | Found a radiant altar of Vehumet.
  5319 | D:4      | Found an iron altar of Okawaru.
  5497 | D:4      | Found a shimmering altar of Xom.
  5588 | D:5      | Shot with an arrow by a centaur

Illustrated notes

Levels and vault maps discovered:
D:1:      ncdulo_wetmaze, layout_loops_ring, minmay_tromino_v4_c
D:2:      layout_loops_cross, lemuel_crystal_altar,
          eat_drink_and_be_merry_uskayaw
D:3:      layout_loops_ring, chequers_ecumenical_altar_island, uniq_ijyb
D:4:      layout_loops_ring, lemuel_doored_altar, okawaru_ov_weapons_minmay,
          tgw_xom
D:5:      layout_layer_cave, lemuel_crystal_altar,
          gammafunk_temple_overflow_claw, basic_altar, serial_shops, shop,
          kennysheep_slug_shrine
D:6:      layout_loops_cross, lemuel_tele_altar, uniq_sigmund
D:7:      lemuel_bear_cage, layout_loops_cross,
          grunt_temple_overflow_order_and_chaos_2, nzn_hepliaklqana_mist_gate,
          evilmike_ruin_ashenzari, minmay_temple_entry_grid

Skill      XL: |  1  2  3  4  5  6  7 |
---------------+----------------------+-----
Conjurations   | 2 3 5 6 7 |  7.9
Spellcasting   | 5 |  5.0
Translocations | 2 3 4 |  4.1
Dodging        | |  2.4
Stealth        | |  2.4
Summonings     | |  1.1

Action                   |  1- 3 |  4- 6 |  7- 9 || total
-------------------------+-------+-------+-------++-------
 Cast: Magic Dart        |   113 |   139 |    54 ||   306
  Use: Scroll            |       |     6 |       ||     6
       Potion            |       |       |     1 ||     1
Armor: Robe              |     2 |     1 |       ||     3
       Leather armour    |       |     5 |     4 ||     9
Dodge: Dodged            |    18 |    22 |     8 ||    48
       Rpst.: Scimitar   |       |     5 |     2 ||     7
